 Dungeon Crawl Stone Soup version 0.24.1-14-gf8d2b509d9 (webtiles) character file.

Game seed: 4680811902864281984, levelgen mode: deterministic

233 Peloso the Shield-Bearer (level 6, 52/52 HPs)
             Began as a Formicid Fighter on June 1, 2020.
             Got out of the dungeon alive.
             The game lasted 00:04:10 (1750 turns).

Peloso the Shield-Bearer (Formicid Fighter)         Turns: 1750, Time: 00:04:10

Health: 52/52      AC:  7    Str: 20    XL:     6   Next: 26%
Magic:  15/15      EV:  7    Int: 12    God:
Gold:   89         SH: 15    Dex: 13    Spells: 5/5 levels left

rFire    . . .     SeeInvis +   a - +0 long sword
rCold    . . .     Gourm    .   c - +0 large shield
rNeg     . . .     Faith    .   b - +0 scale mail
rPois    .         Spirit   .   (helmet unavailable)
rElec    .         Reflect  .   (no cloak)
rCorr    .         Harm     .   (no gloves)
MR       .....                  (no boots)
Stlth    +.........             (no amulet)
HPRegen  0.17/turn              d - ring of magical power
MPRegen  0.14/turn              (no ring)

@: brilliant
A: permanent stasis, dig shafts and tunnels, four strong arms, antennae 3, thin
skeletal structure 1, robust 1, weak 1, wild magic 1
a: Dig, Shaft Self


You escaped.
You were very hungry.

You visited 1 branch of the dungeon, and saw 2 of its levels.

You collected 89 gold pieces.

Inventory:

Hand Weapons
 a - a +0 long sword (weapon)
Armour
 b - a +0 scale mail (worn)
 c - a +0 large shield (worn)
Jewellery
 d - a ring of magical power (left hand)
Scrolls
 g - 3 scrolls of magic mapping {unknown}
 i - a scroll of identify {unknown}
Potions
 e - a potion of curing
Comestibles
 f - 2 rations


   Skills:
 + Level 4.0 Fighting
 + Level 3.6 Long Blades
 + Level 4.1 Armour
 + Level 1.1 Dodging
 + Level 0.2 Stealth
 + Level 5.3 Shields


You had 5 spell levels left.
You didn't know any spells.
Your spell library was empty.

Dungeon Overview and Level Annotations

Branches:
Dungeon (2/15)

Altars:
Zin


Innate Abilities, Weirdness & Mutations

You cannot be hasted, slowed, berserked, paralysed or teleported.
You can dig through walls and to a lower floor.
Your four strong arms can wield two-handed weapons with a shield.
You have a pair of large antennae on your head. (SInv)
You have a somewhat thin skeletal structure. (Dex +2, Stealth)
You are robust. (+10% HP)
You are weak. (Str -2)
Your spells are a little harder to cast, but a little more powerful.


Message History

You feel clever all of a sudden.
It was a potion of mutation.
You feel extremely strange.
You feel weaker.
You feel robust.
Your bones become slightly less dense.
You feel less in control of your magic.
(D) Dungeon
Where to? (Enter - D:12, ? - help)
What level of the Dungeon? (default 1, ? - help)
Things that are here:
a stone; a +0 dagger; a kobold corpse You see here a dart slug corpse.
You see here 16 stones.
There is a stone staircase leading up here.
You climb upwards.
There is a stone staircase leading down here.
You are feeling very hungry.
(D) Dungeon
Where to? (Enter - D:1 @ (x,y), ? - help)
There is a staircase leading out of the dungeon here.
Are you sure you want to leave the Dungeon?
This will make you lose the game!
You have escaped!

#......### #......#....
####.....########.#....
##.........###....#....
##...........##....#....
#.............#..#.#....
##.....(.....##..#.#....
###..≈≈≈.....#..#.#....
##...≈...≈....#..#.#....
#....≈.@.≈....#..#.#.###
##...≈...≈....####.#.#
#.....≈≈≈.....# #.#.###
#.............# #.#....
###...........# #.#####
#.........#### #.#....
#..#.....#..# #.#.###
####.....#### #.#.#
###.### #.#.#


There were no monsters in sight!

Vanquished Creatures
  Sigmund (D:2)
  An ooze (D:1)
  A worm (D:2)
  2 dart slugs
  A leopard gecko (D:1)
  7 bats
  A giant cockroach (D:1)
  6 goblins
  7 hobgoblins
  2 jackals (D:1)
  A quokka (D:2)
  A ball python (D:2)
  3 frilled lizards
  9 kobolds
  4 rats
47 creatures vanquished.

Notes
Turn   | Place    | Note
-------+----------+-------------------------------------------
     0 | D:1      | Peloso the Formicid Fighter began the quest for the Orb.
     0 | D:1      | Reached XP level 1. HP: 18/18 MP: 1/1
   127 | D:1      | Reached XP level 2. HP: 24/24 MP: 2/2
   291 | D:1      | Reached XP level 3. HP: 23/29 MP: 3/3
   441 | D:1      | Reached skill level 4 in Shields
   799 | D:2      | HP: 1/29 [worm (4)]
   800 | D:2      | Reached XP level 4. HP: 2/35 MP: 4/4
  1108 | D:2      | Noticed Sigmund
  1227 | D:2      | Killed Sigmund
  1227 | D:2      | Reached skill level 1 in Dodging
  1227 | D:2      | Reached skill level 5 in Shields
  1227 | D:2      | Reached XP level 5. HP: 14/42 MP: 5/5
  1227 | D:2      | Reached XP level 6. HP: 16/48 MP: 6/6
  1650 | D:2      | Found a glowing silver altar of Zin.
  1715 | D:2      | Gained mutation: You are weak. (Str -2) [potion of
                  | mutation]
  1715 | D:2      | Gained mutation: You are robust. (+10% HP) [potion of
                  | mutation]
  1715 | D:2      | Gained mutation: You have a somewhat thin skeletal
                  | structure. (Dex +2, Stealth) [potion of mutation]
  1715 | D:2      | Gained mutation: Your spells are a little harder to cast,
                  | but a little more powerful. [potion of mutation]
  1750 | D:$      | Got out of the dungeon alive.

Levels and vault maps discovered:
D:1:      enne_arrival_octagon_isle, layout_basic
D:2:      layout_rooms, nicolae_overflow_crystal_walls, uniq_sigmund

Skill      XL: |  1  2  3  4 |
---------------+-------------+-----
Shields        | 4 5 |  5.3
Armour         | 4 |  4.1
Fighting       | 4 |  4.0
Long Blades    | 3 |  3.6
Dodging        | 1 |  1.1
Stealth        | |  0.2

Action                   |  1- 3 |  4- 6 || total
-------------------------+-------+-------++-------
Melee: Long sword        |   111 |    41 ||   152
 Abil: Dig               |     1 |       ||     1
  Use: Potion            |       |     4 ||     4
  Eat: Chunk             |       |     2 ||     2
Armor: Scale mail        |    57 |    17 ||    74
Dodge: Dodged            |    24 |     4 ||    28
Block: Shield            |    13 |       ||    13
       Large shield      |    84 |    42 ||   126
       Rpst.: Long sword |     7 |     2 ||     9
